 Dungeon Crawl Stone Soup version 0.19.5 (webtiles) character file.

254 mopl the Ruffian (level 5, 0/50 HPs)
             Began as a Troll Monk on July 17, 2019.
             Was a Priest of Uskayaw.
             Slain by a phantom (8 damage)
             ... on level 4 of the Dungeon.
             The game lasted 00:03:40 (2253 turns).

mopl the Ruffian (Troll Monk)                       Turns: 2253, Time: 00:03:40

Health: 0/50       AC:  6    Str: 23    XL:     5   Next: 90%
Magic:  2/6        EV: 12    Int:  6    God:    Uskayaw [***...]
Gold:   203        SH:  0    Dex: 12    Spells: 0 memorised, 4 levels left

rFire  + . .     SeeInvis .       - Unarmed
rCold  + . .     Gourm    +     m - +0 robe {rC+ rF+}
rNeg   . . .     Faith    .     (no shield)
rPois  .         Spirit   .     (helmet restricted)
rElec  .         Reflect  .     o - +0 cloak
rCorr  .         Harm     .     (gloves unavailable)
MR     .....                    (boots unavailable)
Stlth  ++........               (no amulet)
                                r - +3 ring of strength
                                p - +2 ring of evasion

@: lethally poisoned (0 -> 0)
A: unfitting armour, claws 3, fast metabolism 3, gourmand, regeneration 1,
shaggy fur 1, tough skin 2
a: Stomp, Line Pass, Renounce Religion


You were on level 4 of the Dungeon.
You worshipped Uskayaw.
Uskayaw was noncommittal.
You were full.

You visited 1 branch of the dungeon, and saw 4 of its levels.

You collected 203 gold pieces.

Inventory:

Hand Weapons
 u - a +0 blowgun
Missiles
 v - 5 curare-tipped needles
Armour
 m - a +0 robe of resistance (worn)
 o - a +0 cloak (worn)
Jewellery
 p - a +2 ring of evasion (left claw)
 r - a +3 ring of strength (right claw)
 s - an uncursed ring of ice
Scrolls
 a - 4 scrolls of enchant weapon {unknown}
 d - 2 scrolls of enchant armour {unknown}
 e - a scroll of remove curse {unknown}
 h - a scroll of magic mapping {unknown}
 j - 3 scrolls of identify {unknown}
Potions
 c - a potion of agility {unknown}
 g - a potion of magic {unknown}
 i - a potion of might {unknown}
 k - 2 potions of lignification {unknown}
 l - 3 potions of curing {unknown}
 n - a potion of ambrosia {unknown}
 q - a potion of flight {unknown}
 t - 2 potions of invisibility {unknown}
 w - a potion of heal wounds {unknown}
Comestibles
 b - 7 bread rations
 f - 2 meat rations


   Skills:
 - Level 2.4 Fighting
 - Level 2.4 Dodging
 - Level 1.0 Stealth
 - Level 5.7 Unarmed Combat
 + Level 2.8 Invocations


You had 4 spell levels left.
You didn't know any spells.

Dungeon Overview and Level Annotations

Branches:
Dungeon (4/15)
 Temple: D:4-7

Altars:
Gozag
Okawaru
Qazlal
Uskayaw
Vehumet


Innate Abilities, Weirdness & Mutations

You are too large for most types of armour.
You have claws for hands.
Your metabolism is lightning-fast.
You like to eat raw meat.
Your natural rate of healing is unusually fast.
You are covered in fur. (AC +1)
You have very tough skin. (AC +2)


Message History

You scratch the phantom but do no damage.
The phantom is severely damaged.
The phantom barely misses you.
You barely miss the phantom.
The phantom is severely damaged.
You feel sick. The phantom completely misses you.
You claw the phantom!
The phantom is severely damaged.
The phantom hits you!
* * * LOW HITPOINT WARNING * * *
Uskayaw will force your foes to share their pain.
You barely miss the phantom.
The phantom is severely damaged.
The phantom hits you.
* * * LOW HITPOINT WARNING * * *
Aiming: Line Pass
Press: ? - help, Dir - move target cursor The phantom appears confused.
You feel somewhat less full.
You feel sick. The phantom hits you!
You die...

..#######.#.#.....#.######.......
>.............###.###....'.......
###########.###.....######...####
....##.8...8.# #####
..###..#.......###
...(......._......
.......#.......#..
..######.8...8.#... ##.@...## ##
.#####W#### #........†.#
#..........# #..........#
##......#### #......# #......#
#.......


You could see a phantom (confused).

Vanquished Creatures
  The ghost of Moonlightfire the Vandal, a weakling HEHu (D:3)
  A bullfrog skeleton (D:4)
  Jessica (D:2)
  3 worker ants (D:4)
  3 adders
  2 worms
  A dart slug (D:1)
  A leopard gecko (D:2)
  An orc (D:3)
  A ball python (D:1)
  A giant cockroach (D:1)
  4 goblins
  3 hobgoblins
  7 jackals (D:1)
  8 kobolds
  7 bats
  12 frilled lizards
  A quokka skeleton (D:4)
  4 rats (D:1)
62 creatures vanquished.

Notes
Turn   | Place    | Note
-------+----------+-------------------------------------------
     0 | D:1      | mopl the Troll Monk began the quest for the Orb.
     0 | D:1      | Reached XP level 1. HP: 22/22 MP: 0/0
   109 | D:1      | Reached XP level 2. HP: 26/29 MP: 1/1
   330 | D:1      | Reached skill level 4 in Unarmed Combat
   644 | D:2      | Reached XP level 3. HP: 36/36 MP: 2/2
   764 | D:2      | Noticed Jessica
   769 | D:2      | Killed Jessica
   770 | D:2      | Reached XP level 4. HP: 44/44 MP: 3/3
   850 | D:2      | Found a stormy altar of Qazlal.
   851 | D:2      | Found a radiant altar of Vehumet.
  1062 | D:2      | Reached skill level 5 in Unarmed Combat
  1206 | D:3      | Found an iron altar of Okawaru.
  1301 | D:3      | Noticed Moonlightfire's ghost (weakling HEHu)
  1308 | D:3      | Killed Moonlightfire's ghost
  1363 | D:3      | Reached XP level 5. HP: 41/50 MP: 4/4
  1372 | D:3      | Found a hide-covered altar of Uskayaw.
  1379 | D:3      | Became a worshipper of Uskayaw the Reveler
  1379 | D:3      | Reached * piety under Uskayaw
  2024 | D:4      | Reached ** piety under Uskayaw
  2026 | D:4      | Reached skill level 1 in Invocations
  2027 | D:4      | Reached *** piety under Uskayaw
  2098 | D:4      | Reached skill level 2 in Invocations
  2216 | D:4      | Found an opulent altar of Gozag.
  2232 | D:4      | Noticed a phantom
  2251 | D:4      | Reached **** piety under Uskayaw
  2253 | D:4      | Slain by a phantom

Skill      XL: |  1  2  3  4  5 |
---------------+----------------+-----
Unarmed Combat | 4 5 |  5.7
Invocations    | 2 |  2.8
Fighting       | |  2.4
Dodging        | |  2.4
Stealth        | |  1.0

Action                   |  1- 3 |  4- 6 || total
-------------------------+-------+-------++-------
Melee: Unarmed           |   104 |    99 ||   203
       Punch             |     1 |     2 ||     3
Invok: Line Pass         |       |     1 ||     1
 Stab: Sleeping          |     1 |     1 ||     2
       Paralysed         |       |     1 ||     1
  Eat: Chunk             |    13 |    10 ||    23
Armor: Robe              |    47 |    18 ||    65
Dodge: Dodged            |    63 |    48 ||   111
